cohdb
Replays
Latest Replays
All Replays
Popular Replays
Top Player Replays
Match Explorer
How It Works
Community
CoH3 Stats
Reddit
Sign in to upload your games and track your stats! →
Sign in with Steam
Match 43526554
Unlisted
Match 43526554
Overview
Messages
Build Orders
End
Engineer Squad
Selects Special Operations Battlegroup
Selects Special Operations Battlegroup
Selects M29 Weasel Recon Vehicle
M29 Weasel Recon Vehicle
Construct Weapon Support Center
M1919 Machine Gun Team
M1919 Machine Gun Team
Infantry Support Center
Engineer Squad
Selects Raiding Flares
M1919 Machine Gun Team
M3 Armored Personnel Carrier
Construct Medical Station
Selects SSF Commando Squad
SSF Commando Squad
SSF Commando Squad
Advanced Logistics
Improved M9 Bazooka Rockets
SSF Commando Squad
M3 Armored Personnel Carrier
Selects Air Re-supply Operation
Air Re-Supply Operation
Construct Tank Depot
M18 Hellcat Tank Destroyer
Engineer Squad
M1919 Machine Gun Team
SSF Commando Squad
MuffinMan
^3
0
0
Comments
sign in to comment!
No comments posted yet!